 Dungeon Crawl Stone Soup version 0.29-a0-923-g6e406bff71 (webtiles) character file.

Game seed: 12965131733935994393

2382 Elmgren the Cleaver (level 9, -4/70 HPs)
             Began as a Minotaur Berserker on July 28, 2022.
             Was a Believer of Trog.
             Slain by a gnoll
             ... wielding a +0 halberd
             ... led by a gnoll bouda
              (7 damage)
             ... on level 8 of the Dungeon.
             The game lasted 00:23:37 (15573 turns).

Elmgren the Cleaver (Minotaur Berserker)           Turns: 15573, Time: 00:23:38

Health: -4/70      AC: 15    Str: 25    XL:     9   Next: 22%
Magic:  8/8        EV:  4    Int:  4    God:    Trog [**....]
Gold:   367        SH: 19    Dex: 11    Spells: 8/8 levels left

rFire   . . .      SeeInvis .   t - +0 war axe
rCold   . . .      Faith    .   j - +1 tower shield
rNeg    + . .      Spirit   .   e - +0 plate armour
rPois   .          Reflect  +   (helmet restricted)
rElec   .          Harm     .   (no cloak)
rCorr   .          Rampage  .   r - +0 pair of gloves
Will    .....                   (no boots)
Stlth   ..........              l - amulet of reflection
HPRegen 0.21/turn               a - ring of positive energy
MPRegen 0.11/turn               (no ring)

@: on berserk cooldown, slowed, studying Polearms, very slow
A: horns 2, retaliatory headbutt
a: Renounce Religion, Berserk, Trog's Hand


You were on level 8 of the Dungeon.
You worshipped Trog.
Trog was pleased with you.
You visited 1 branch of the dungeon, and saw 8 of its levels.

You collected 367 gold pieces.

Inventory:

Hand Weapons
 t - a +0 war axe (weapon)
Missiles
 b - a throwing net (quivered)
Armour
 e - a +0 plate armour (worn)
 j - a +1 tower shield (worn)
 r - a +0 pair of gloves (worn)
Jewellery
 a - a ring of positive energy (left hand)
 l - an amulet of reflection (around neck)
 n - a ring of willpower
Wands
 q - a wand of quicksilver (11)
Scrolls
 g - 2 scrolls of noise
 o - 3 scrolls of teleportation
 s - a scroll of butterflies
 v - a scroll of blinking
Potions
 c - 2 potions of mutation
 d - a potion of ambrosia {unknown}
 f - a potion of brilliance
 h - a potion of invisibility
 k - 2 potions of curing
 m - 2 potions of flight {unknown}
 p - a potion of magic {unknown}
 u - 2 potions of attraction {unknown}


   Skills:
 - Level 3.6 Fighting
 + Level 10.2 Axes
 + Level 9.8 Armour
 - Level 2.1 Dodging
 + Level 6.0 Shields


You had 8 spell levels left.
You didn't know any spells.
Your spell library was empty.

Dungeon Overview and Level Annotations

Branches:
Dungeon (8/15)             Temple (0/1) D:6
   Lair: D:8-11

Altars:
Qazlal
Ru

Shops:
D:1 *   D:6 *


Innate Abilities, Weirdness & Mutations

You have a pair of horns on your head.
You reflexively headbutt those who attack you in melee.


Message History

The yak gores you but does no damage.
You closely miss the yak.
The yak is lightly wounded.
You hit the yak. You block the yak's attack.
The yak gores you but does no damage. You block the gnoll's attack. x2
The yak gores you but does no damage. x2
You hit the yak.
The yak is lightly wounded.
You slash the yak!
You kill the yak!
Trog accepts your kill. You block the yak's attack.
The gnoll hits you from afar with a +0 halberd!
You block the gnoll's attack. The yak gores you.
Your Shields skill increases to level 6!
You hit the yak but do no damage. Your headbutt misses the yak.
The yak is lightly wounded.
The yak gores you!
You block the gnoll's attack. x2; The yak gores you.
You block the yak's attack.
The gnoll hits you from afar with a +0 halberd!
* * * LOW HITPOINT WARNING * * *
Things that are here:
a +0 club; a +0 robe; a +0 club You hit the yak.
You headbutt the yak.
The yak is moderately wounded.
The gnoll is no longer moving quickly.
The yak gores you but does no damage. You block the gnoll's attack.
The gnoll hits you from afar with a +0 halberd.
* * * LOW HITPOINT WARNING * * *
The yak gores you but does no damage. The yak attacks as you move away!
The yak gores you.
* * * LOW HITPOINT WARNING * * *
The gnoll hits you from afar with a +0 halberd.
* * * LOW HITPOINT WARNING * * *
You block the yak's attack. The gnoll hits you but does no damage.
The yak gores you but does no damage. The yak attacks as you move away!
You block the yak's attack. The yak gores you but does no damage.
You block the gnoll's attack.
The gnoll hits you from afar with a +0 halberd!
You die...

........# ..+.......#
........+ .#.......#
.......###+##.......#####
.......##...###'#####...#
...........#......#
...........#......#
..........#......# ..
#........#......# ...
#.......@'......# ....
#......Y##......#
....##.....g.##......#
.............##......#
.....................#
.....................#
####+###.......##......#
.......#)......##......#
.......†.......#.......#


You could see a yak and a gnoll.

Vanquished Creatures
  A hornet (D:8)
  Sigmund (D:4)
  3 yaks (D:8)
  Menkaure (D:7)
  A black bear (D:4)
  An ice beast (D:6)
  An ogre (D:5)
  A phantom (D:5)
  2 centaurs (D:5)
  A necrophage (D:5)
  2 scorpions (D:6)
  3 killer bees (D:7)
  A howler monkey (D:4)
  3 gnoll boudas
  An orc priest (D:3)
  2 hounds
  2 jellies (D:6)
  Jessica (D:3)
  2 iguanas
  An orc wizard (D:3)
  4 adders
  14 gnolls
  A shadow imp (D:6)
  A white imp (D:7)
  2 ufetubi
  2 worms (D:3)
  4 dart slugs
  11 orcs
  An endoplasm (D:1)
  2 giant cockroaches
  10 goblins
  9 hobgoblins
  4 jackals
  8 kobolds
  3 quokkas
  8 ball pythons
  2 bats
  3 frilled lizards
  4 rats
124 creatures vanquished.

Vanquished Creatures (others)
  An orc (D:6)
  3 fungi (D:3)
  38 plants
42 creatures vanquished.

Grand Total: 166 creatures vanquished

Notes
Turn   | Place    | Note
-------+----------+-------------------------------------------
     0 | D:1      | Elmgren the Minotaur Berserker began the quest for the Orb.
     0 | D:1      | Reached XP level 1. HP: 19/19 MP: 0/0
     0 | D:1      | magus.rc [v1.11.3]
   301 | D:1      | Reached skill level 4 in Axes
   303 | D:1      | Reached XP level 2. HP: 26/26 MP: 1/1
   376 | D:1      | Found Wiozar's Assorted Antiques.
  3526 | D:2      | Found a stormy altar of Qazlal.
  3595 | D:2      | Reached XP level 3. HP: 29/31 MP: 2/2
  4888 | D:3      | Reached skill level 5 in Axes
  4888 | D:3      | Reached XP level 4. HP: 11/39 MP: 3/3
  6591 | D:3      | Found a faded altar of an unknown god.
  6605 | D:3      | Noticed Jessica
  6617 | D:3      | Reached XP level 5. HP: 44/45 MP: 4/4
  6620 | D:3      | Killed Jessica
  6621 | D:3      | Reached skill level 5 in Armour
  7559 | D:3      | Reached ** piety under Trog
  7560 | D:3      | Reached skill level 6 in Axes
  8471 | D:4      | Reached XP level 6. HP: 48/51 MP: 5/5
  9310 | D:4      | Reached skill level 7 in Axes
  9749 | D:4      | Noticed Sigmund
  9761 | D:4      | Killed Sigmund
  9762 | D:4      | Reached XP level 7. HP: 57/57 MP: 6/6
 10022 | D:5      | Entered Level 5 of the Dungeon
 10174 | D:5      | Reached skill level 8 in Axes
 10265 | D:5      | Found a sacrificial altar of Ru.
 10286 | D:5      | Reached skill level 1 in Shields
 10318 | D:5      | Identified the +3 leather armour "Womilal" {rCorr SInv}
 10775 | D:5      | Reached XP level 8. HP: 29/64 MP: 7/7
 11576 | D:6      | Found a staircase to the Ecumenical Temple.
 11879 | D:6      | Found Gereshrio's General Store.
 13552 | D:6      | Reached skill level 9 in Axes
 14309 | D:7      | Noticed Menkaure
 14314 | D:7      | Killed Menkaure
 15341 | D:8      | Noticed a hornet
 15349 | D:8      | Killed a hornet
 15350 | D:8      | Reached skill level 5 in Shields
 15548 | D:8      | Reached XP level 9. HP: 70/70 MP: 8/8
 15559 | D:8      | Reached skill level 10 in Axes
 15567 | D:8      | HP: 1/70 [gnoll/+0 halberd[a gnoll bouda] (5)]
 15573 | D:8      | Slain by a gnoll

Illustrated notes

Levels and vault maps discovered:
D:1:      kilobyte_arrival_exit_the_forest, layout_loops_cross, serial_shops,
          nicolae_diamond_shop, serial_rivers, chequers_serial_rivers_large_a,
          chequers_serial_rivers_small_a, chequers_serial_rivers_micro_d,
          chequers_serial_rivers_micro_b, chequers_serial_rivers_micro_c,
          chequers_serial_rivers_large_b, minmay_split_cup_small
D:2:      layout_loops_corners, basic_altar, minmay_circle_x
D:3:      layout_basic, shapermc_ecumenical_altar_mp_ritualfount,
          hangedman_decor_lopped, uniq_jessica
D:4:      layout_rooms, kennysheep_small_circle, uniq_sigmund
D:5:      layout_basic, nicolae_ru_sacrificial_ziggurat, minmay_crystal_room
D:6:      layout_rooms, minmay_temple_entry_mist, serial_shops, shop,
          minmay_misc_feat_alley, serial_bayou_lagoon_a
D:7:      layout_basic, enter_bailey_5, uniq_crazy_yiuf_cottage, uniq_menkaure
D:8:      layout_gridville

Skill      XL: |  1  2  3  4  5  6  7  8  9 |
---------------+----------------------------+-----
Axes           | 4 5 6 7 8 9 10 | 10.2
Armour         | 3 4 5 7 8 9 |  9.8
Shields        | 2 5 6 |  6.0
Fighting       | |  3.6
Dodging        | |  2.1

Action                   |  1- 3 |  4- 6 |  7- 9 || total
-------------------------+-------+-------+-------++-------
Melee: Hand axe          |    78 |   126 |    82 ||   286
       Headbutt          |    13 |    22 |    20 ||    55
       War axe           |       |       |    77 ||    77
Invok: Berserk           |     1 |     3 |     5 ||     9
  Use: Scroll            |     7 |     3 |     6 ||    16
       Potion            |       |       |     3 ||     3
 Stab: Sleeping          |     1 |       |       ||     1
Armor: Animal skin       |     9 |       |       ||     9
       Ring mail         |    10 |    47 |       ||    57
       Chain mail        |       |       |    50 ||    50
       Plate armour      |       |       |    78 ||    78
Dodge: Dodged            |    42 |    28 |    34 ||   104
Block: Tower shield      |     3 |    65 |   225 ||   293

Table legend: (Time is in decaauts)
 A = Elapsed time spent in this place.
 B = Non-inter-level travel time spent in this place.
 C = Inter-level travel time spent in this place.
 D = Time resting spent in this place.
 E = Time spent auto-exploring this place.
 F = Levels seen in this place.
 G = Mean time per level.
                   A        B        C        D        E       F      G
               +--------+--------+--------+--------+--------+-----+--------+
         Total |  15878 |  15705 |    173 |  10358 |   3753 |   8 | 1984.8 |
       Dungeon |  15878 |  15705 |    173 |  10358 |   3753 |   8 | 1984.8 |
               +--------+--------+--------+--------+--------+-----+--------+

Top non-repeatable levels by time:
     D:1: 3611 daAuts
     D:2: 2981 daAuts
     D:6: 2500 daAuts
     D:4: 2179 daAuts
     D:3: 1782 daAuts
     D:5: 1509 daAuts
     D:8: 839 daAuts
     D:7: 474 daAuts
